 Dungeon Crawl Stone Soup version 0.22-a0-351-g29664b4 (webtiles) character file.

74 iamserjio the Ducker (level 4, 0/30 HPs)
             Began as an Octopode Gladiator on Apr 13, 2018.
             Killed from afar by a white imp (12 damage)
             ... with a puff of frost
             ... summoned by Natasha
             ... on level 3 of the Dungeon.
             The game lasted 00:04:09 (2190 turns).

iamserjio the Ducker (Octopode Gladiator)           Turns: 2190, Time: 00:04:10

Health: 0/30       AC:  1    Str: 13    XL:     4   Next: 30%
Magic:  4/4        EV: 15    Int: 10    God:
Gold:   103        SH:  0    Dex: 14    Spells: 3/3 levels left

rFire    . . .     SeeInvis .   a - +0 war axe
rCold    . . .     Gourm    .   (no shield)
rNeg     . . .     Faith    .   b - +0 hat
rPois    .         Spirit   .   (no amulet)
rElec    .         Reflect  .   (no ring)
rCorr    .         Harm     .   (no ring)
MR       .....                  (no ring)
Stlth    +++.......             (no ring)
HPRegen  0.10/turn              (no ring)
MPRegen  0.09/turn              (no ring)
                                (no ring)
                                (no ring)

@: very slightly contaminated, slowed, very slow
A: almost no armour, stealthy swim, amphibious, 8 rings, constrict 8, camouflage
1, gelatinous body 1
a: no special abilities


You were on level 3 of the Dungeon.
You were not hungry.

You visited 1 branch of the dungeon, and saw 3 of its levels.

You collected 103 gold pieces.

Inventory:

Hand Weapons
 a - a +0 war axe (weapon)
 h - a +1 hunting sling of velocity
 o - a +0 vampiric dagger
Missiles
 c - 3 throwing nets (quivered)
 e - 33 poisoned needles
 j - 79 stones
Armour
 b - a +0 hat (worn)
Scrolls
 f - a scroll of blinking
 g - a scroll of random uselessness {unknown}
 i - 2 scrolls of remove curse {unknown}
 k - 2 scrolls of identify {unknown}
Potions
 l - a potion of brilliance {unknown}
 m - 2 potions of curing
Comestibles
 d - 5 rations
 n - a chunk of flesh


   Skills:
 + Level 2.5 Fighting
 - Level 3.0 Axes
 - Level 2.0 Throwing
 * Level 3.9 Dodging
 * Level 3.3 Stealth


You had 3 spell levels left.
You didn't know any spells.

Dungeon Overview and Level Annotations

Branches:
Dungeon (3/15)

Altars:
Fedhas

Annotations:
D:3 Natasha


Innate Abilities, Weirdness & Mutations

You cannot wear most types of armour.
You are very stealthy in the water. (Stealth+)
You are amphibious.
You can wear up to eight rings at the same time.
You can use your tentacles to constrict eight enemies at once.
Your skin changes colour to match your surroundings (Stealth+).
Your rubbery body absorbs attacks. (AC +1, EV +1)


Message History

No target in view!
No target in view!
No target in view!
You miss something. Something barely misses you.
You closely miss something. Something claws you! x2
You hit something. Your squeeze misses something. Something claws you.
You closely miss something. Something claws you. Something claws you.
* * * LOW HITPOINT WARNING * * *
You hear some strange, mumbled words.
You feel yourself slow down.
It was a potion of curing.
You feel better.
Blink to where?
Press: ? - help, Dir - move target cursor You are very lightly contaminated with residual magic.
As you read the scroll labeled QOCEUS NIQO, it crumbles to dust.
It was a scroll of blinking.
The white imp gestures at you. The puff of frost hits you!
You die...

#.# #.#
#.############.####.#
.........)........#.#
#.############.##.#.#
#.............#.#.#
###.###########.#.#
#)............#.#
######################.#
.....ยง....5.....@......#
########################


You could see a white imp.

Vanquished Creatures
  2 adders (D:2)
  An ooze (D:2)
  2 worms
  A dart slug (D:3)
  2 leopard geckos (D:1)
  2 orcs (D:3)
  A giant cockroach (D:2)
  3 goblins
  4 hobgoblins
  2 jackals (D:1)
  9 kobolds
  2 quokkas
  A ball python (D:3)
  4 bats
  2 frilled lizards (D:2)
  2 rats (D:1)
40 creatures vanquished.

Notes
Turn   | Place    | Note
-------+----------+-------------------------------------------
     0 | D:1      | iamserjio the Octopode Gladiator began the quest for the Orb.
     0 | D:1      | Reached XP level 1. HP: 14/14 MP: 1/1
    26 | D:1      | Reached skill level 1 in Stealth
    80 | D:1      | Reached XP level 2. HP: 19/19 MP: 2/2
   857 | D:2      | Reached XP level 3. HP: 22/24 MP: 3/3
  1348 | D:2      | Found a blossoming altar of Fedhas.
  1665 | D:2      | Reached XP level 4. HP: 27/30 MP: 4/4
  2172 | D:3      | Noticed Natasha
  2190 | D:3      | Killed from afar by a white imp

Vault maps used:
D:1:      dpeg_arrival_refuge, minmay_misc_feat_tiny
D:2:      fedhas_altar_2, first_ration
D:3:      uniq_grinder, uniq_crazy_yiuf_cottage, uniq_natasha, uniq_terence

Skill      XL: |  1  2  3 |
---------------+----------+-----
Stealth        | 1 2 3 |  3.3
Fighting       | |  2.5
Axes           | |  3.0
Throwing       | |  2.0
Dodging        | |  3.9

Action                   |  1- 3 |  4- 6 || total
-------------------------+-------+-------++-------
Melee: War axe           |    68 |    19 ||    87
       Constrict         |    13 |     3 ||    16
       Tentacles         |     7 |     6 ||    13
  Use: Scroll            |       |     1 ||     1
       Potion            |       |     1 ||     1
 Stab: Sleeping          |    12 |     2 ||    14
  Eat: Chunk             |     2 |     2 ||     4
Armor: Skin              |     7 |     1 ||     8
Dodge: Dodged            |    53 |    11 ||    64

Table legend:
 A = Spawn XP
 B = Non-spawn XP
 C = Spawn XP percentage of total XP
 D = Spawn monster count
 E = Non-spawn monster count
 F = Spawn count percentage of total count
 G = Total turns spent on level
                    A         B        C        D         E        F      G
               +---------+---------+-------+---------+---------+-------+---------
         Total |       0 |     107 |   0.0 |       0 |      40 |   0.0 |  2190
               +---------+---------+-------+---------+---------+-------+---------
           D:1 |       0 |      32 |   0.0 |       0 |      18 |   0.0 |   853
           D:2 |       0 |      57 |   0.0 |       0 |      16 |   0.0 |  1099
           D:3 |       0 |      18 |   0.0 |       0 |       6 |   0.0 |   238
               +---------+---------+-------+---------+---------+-------+---------
